Map: Dusty Gorge

Players

JanSobieski

  • Race: Protoss Protoss
  • Spawn Location: 3:00

IIIChEvYIII

  • Race: Zerg Zerg
  • Spawn Location: 5:00

LOADBLASTER - Winner!

  • Race: Terran Terran
  • League: Grandmaster
  • Spawn Location: 11:00

PureLegacy - Winner!

  • Race: Terran Terran
  • Spawn Location: 9:00

VOD

Have the link to the VOD?

Description

Time

  • Played on: Dec. 1, 2018, 2:33 p.m.
  • Length: 6:43
Show
View Real Time Build Order
Export as new Build Order

JanSobieski Protoss 

Build Orders: 1 Gate Expand 

Get SALT Encoding   

  12  0:02  Probe  
  13  0:14  Probe  
  13  0:19  Pylon  
  14  0:26  Probe  
  15  0:34  Probe  
  15  0:40  Gateway  
  16  0:42  Probe  
  16  0:43  Assimilator  
  17  0:54  Probe  
  18  1:06  Probe  
  19  1:24  Nexus  
  19  1:33  Cybernetics Core  
  19  1:42  Probe  
  19  1:43  Pylon  
  20  1:49  Assimilator  
  19  2:02  Stalker  
  19  2:07  Warp Gate  
  19  2:08  Gateway  
  19  2:15  Probe  
  22  2:27  Probe  
  23  2:30  Stalker  
  22  2:39  Probe  
  25  2:47  Probe  
  26  2:51  Probe  
  26  2:57  Sentry  
  27  3:00  Probe  
  27  3:03  Stalker, Probe  
  33  3:12  Probe  
  34  3:17  Probe  
  35  3:24  Probe  
  36  3:31  Probe  
  37  3:36  Probe  
  38  3:42  Stargate  
  38  3:43  Probe  
  38  3:48  Probe  
  40  3:52  Pylon  
  40  3:55  Probe  
  41  4:00  Probe  
  42  4:07  Probe  
  43  4:10  Stalker  
  43  4:12  Stalker, Assimilator, Probe  
  48  4:18  Oracle  
  48  4:19  Probe  
  49  4:24  Probe  
  53  4:31  Probe  
  53  4:35  Pylon  
  54  4:40  Probe  
  48  4:56  Probe  
  48  4:58  Probe  
  48  5:05  Adept  
  48  5:06  Adept  
  51  5:08  Probe  
  51  5:10  Probe  
  46  5:41  Probe  
  46  5:42  Probe  
  46  5:50  Probe  
  46  5:52  Assimilator  
  46  5:53  Probe  
  48  6:00  Probe  
  48  6:02  Nexus  
  49  6:08  Pylon  
  48  6:13  Adept x2  
  48  6:18  Probe x2  
  50  6:28  Probe  
  50  6:30  Probe  
  52  6:39  Twilight Council  
Show
View Real Time Build Order
Export as new Build Order

IIIChEvYIII Zerg 

Build Orders: Hatch First 

Get SALT Encoding   

  12  0:01  Drone  
  13  0:13  Overlord  
  13  0:18  Drone  
  14  0:33  Drone x2  
  16  0:36  Drone  
  17  0:55  Hatchery  
  16  0:58  Drone  
  16  1:01  Extractor  
  16  1:03  Drone  
  17  1:17  Spawning Pool  
  16  1:23  Drone  
  17  1:26  Drone  
  17  1:30  Drone  
  19  1:39  Drone  
  20  1:50  Overlord  
  20  2:07  Queen x2  
  24  2:08  Metabolic Boost  
  24  2:15  Zergling x4  
  25  2:19  Zergling x2  
  27  2:26  Zergling x4  
  29  2:33  Zergling x2  
  29  2:34  Zergling x2  
  31  2:41  Zergling x2  
  32  3:03  Queen x2  
  35  3:10  Overlord x2  
  34  3:21  Zergling x2  
  35  3:31  Zergling x2  
  35  3:32  Zergling x2  
  37  3:39  Queen, Zergling x2  
  37  3:40  Zergling x4  
  42  3:44  Zergling x2, Hatchery  
  35  4:09  Zergling x2  
  35  4:10  Zergling x8  
  39  4:22  Zergling x2  
  39  4:23  Zergling x6  
  43  4:33  Drone  
  43  4:34  Drone x2  
  46  4:42  Zergling x4  
  48  4:51  Drone  
  48  4:52  Drone x2  
  51  4:58  Zergling x6  
  54  5:06  Drone  
  55  5:11  Drone  
  55  5:12  Drone, Overlord  
  51  5:37  Drone x6  
  51  5:38  Drone x2  
  51  5:41  Extractor  
  58  5:42  Extractor  
  58  5:47  Extractor  
  58  5:48  Extractor  
  55  5:50  Drone x6  
  55  5:53  Drone  
  62  6:03  Overlord x2  
  49  6:17  Zergling x2  
  49  6:18  Zergling x8  
  44  6:24  Zergling x4  
  47  6:28  Drone  
Show
View Real Time Build Order
Export as new Build Order

LOADBLASTER Terran - Winner!

Build Orders:  

Get SALT Encoding   

  12  0:02  SCV  
  13  0:14  SCV  
  13  0:19  Supply Depot  
  14  0:26  SCV  
  15  0:33  Refinery  
  15  0:40  SCV  
  16  0:46  Barracks  
  16  0:53  SCV  
  17  1:05  SCV  
  18  1:17  SCV  
  19  1:34  Marine  
  19  1:35  Factory  
  19  1:36  Orbital Command  
  20  1:44  Supply Depot  
  20  1:53  Barracks Reactor  
  20  2:03  SCV  
  21  2:15  SCV  
  22  2:17  Command Center  
  22  2:27  SCV  
  23  2:36  Hellion x2  
  27  2:39  Barracks Tech Lab  
  26  2:44  Barracks  
  26  2:46  SCV  
  27  2:58  Hellion x2  
  31  3:01  Stimpack  
  31  3:13  Supply Depot  
  31  3:25  Barracks  
  31  3:28  SCV  
  31  3:31  Factory Reactor  
  31  3:32  Orbital Command  
  31  3:33  Marine  
  33  3:39  Marine  
  33  3:40  SCV  
  35  3:44  Refinery  
  35  3:45  Marine  
  36  3:52  SCV  
  35  3:57  Marine x2  
  35  3:58  SCV  
  32  4:03  Marine  
  32  4:04  SCV  
  34  4:10  SCV  
  34  4:13  Starport  
  34  4:14  Factory Reactor  
  34  4:15  Marine  
  34  4:17  SCV  
  37  4:18  Marine x2  
  37  4:19  Marine  
  37  4:22  SCV  
  41  4:24  Marine  
  41  4:29  SCV  
  41  4:31  Supply Depot  
  43  4:33  Marine  
  43  4:34  SCV  
  43  4:36  Marine  
  46  4:40  Engineering Bay  
  46  4:41  SCV  
  46  4:42  Marine  
  46  4:43  Marine  
  49  4:46  SCV  
  49  4:47  Marine  
  51  4:53  SCV  
  51  4:55  Factory Tech Lab  
  51  4:59  SCV  
  52  5:00  Medivac, Supply Depot  
  52  5:01  Medivac, Marine  
  52  5:02  Marine  
  52  5:06  SCV  
  60  5:12  Marine  
  61  5:15  Refinery, SCV  
  61  5:22  SCV  
  61  5:25  Supply Depot  
  61  5:27  Marine, SCV, Widow Mine  
  61  5:28  Marine, Widow Mine  
  69  5:33  Marine  
  70  5:41  Supply Depot  
  70  5:47  Marine x2, Marauder  
  70  5:49  Widow Mine  
  76  5:52  Supply Depot, Marine  
  77  6:03  Command Center, Widow Mine  
  79  6:04  Marine  
  79  6:07  Marine  
  79  6:09  Marauder  
  83  6:15  Marine  
  83  6:20  Barracks  
  83  6:22  Barracks, Marine  
  89  6:35  Supply Depot  
Show
View Real Time Build Order
Export as new Build Order

PureLegacy Terran - Winner!

Build Orders:  

Get SALT Encoding   

  12  0:02  SCV  
  13  0:14  SCV  
  14  0:18  Supply Depot  
  14  0:26  SCV  
  15  0:31  Refinery  
  15  0:40  SCV  
  16  0:46  Barracks  
  16  0:52  SCV  
  17  1:06  Barracks  
  17  1:19  Barracks  
  17  1:21  SCV  
  18  1:34  Reaper  
  19  1:40  Orbital Command  
  19  1:47  Refinery  
  19  1:53  Reaper  
  20  2:00  Supply Depot  
  20  2:07  Reaper  
  21  2:10  Reaper  
  21  2:14  SCV  
  23  2:25  Supply Depot, Reaper  
  23  2:27  SCV  
  24  2:39  Reaper, SCV  
  24  2:42  Reaper  
  27  2:52  SCV  
  27  2:58  Reaper  
  29  3:11  Reaper  
  30  3:16  Command Center  
  30  3:22  Reaper  
  30  3:26  SCV  
  31  3:32  Reaper  
  32  3:38  SCV  
  33  3:46  Bunker  
  33  4:05  Barracks Tech Lab  
  33  4:07  Barracks Reactor  
  33  4:08  SCV  
  34  4:12  Barracks Reactor  
  34  4:15  Factory  
  34  4:20  SCV  
  35  4:24  Marine, Stimpack  
  35  4:25  Command Center  
  36  4:32  SCV  
  36  4:33  Orbital Command  
  37  4:44  Marine x2  
  39  4:48  Marine  
  40  5:01  Supply Depot  
  40  5:04  Starport  
  40  5:05  Factory Reactor  
  40  5:06  SCV  
  42  5:07  SCV  
  41  5:19  SCV x2  
  41  5:38  Marine x3  
  41  5:39  Marine  
  41  5:40  SCV x2, Orbital Command  
  44  5:49  Medivac x2  
  48  5:52  Engineering Bay, SCV  
  48  5:53  SCV  
  48  5:54  Engineering Bay  
  50  6:00  Marine x3  
  50  6:02  Marine  
  54  6:04  SCV  
  54  6:05  SCV  
  54  6:07  SCV  
  57  6:11  Marine  
  58  6:24  Marine x4  
  62  6:30  SCV x3  
  66  6:34  Barracks  
  66  6:35  Barracks  
Tags
 
Add a new tag
Caveats
  • Supply blocks, unpowered buildings, or Contaminate may cause inaccurate times.
  • Supply counts are checked every 10 seconds.